 Dungeon Crawl Stone Soup version 0.30-a0-263-ge22c4ad894 (webtiles) character file.

Game seed: 8373160512303281204

3279 jlumianski the Cleaver (level 9, 0/68 HPs)
             Began as a Demonspawn Gladiator on Oct 13, 2022.
             Slain by a yak (12 damage)
             ... on level 9 of the Dungeon.
             The game lasted 00:29:17 (6941 turns).

jlumianski the Cleaver (Demonspawn Gladiator)       Turns: 6941, Time: 00:29:18

Health: 0/68       AC: 18    Str: 18    XL:     9   Next: 69%
Magic:  9/9        EV:  7    Int:  9    God:
Gold:   512        SH:  0    Dex: 16    Spells: 8/8 levels left

rFire   . . .      SeeInvis .    a - +0 war axe (spect)
rCold   + . .      Faith    .    (no shield)
rNeg    . . .      Spirit   .    e - +0 plate armour
rPois   .          Reflect  .    c - +2 helmet
rElec   .          Harm     .    (no cloak)
rCorr   +          Rampage  .    t - +0 pair of gloves
Will    .....                    H - +0 pair of boots
Stlth   ..........               (no amulet)
HPRegen 0.31/turn                z - ring of resist corrosion
MPRegen 0.11/turn                F - ring of protection from cold

@: confused, ambrosia-drunk
A: foul stench 1, demonic touch 1, hooves 2
a: no special abilities


You were on level 9 of the Dungeon.
You visited 2 branches of the dungeon, and saw 10 of its levels.

You collected 512 gold pieces.

Inventory:

Hand Weapons
 a - a +0 spectral war axe (weapon)
 i - the +3 flail of the Dull God {freeze, rF++}
   (You found it on level 3 of the Dungeon)

   It freezes those it strikes, dealing additional cold damage.
   It can also slow down cold-blooded creatures.
   rF:        It greatly protects you from fire.
 q - a +2 long sword of electrocution
Missiles
 d - 2 throwing nets
 p - 12 curare-tipped darts
 w - a javelin
 x - 16 poisoned darts (quivered)
 C - 7 boomerangs
Armour
 b - a +0 leather armour
 c - a +2 helmet (worn)
 e - a +0 plate armour (worn)
 t - a +0 pair of gloves (worn)
 E - a +0 scale mail
 H - a +0 pair of boots (worn)
Jewellery
 z - a ring of resist corrosion (left hand)
 F - a ring of protection from cold (right hand)
Wands
 u - a wand of mindburst (5)
 D - a wand of flame (6)
 G - a wand of polymorph (21)
Scrolls
 h - 3 scrolls of teleportation
 j - a scroll of poison
 n - a scroll of magic mapping
 s - 2 scrolls of fear
 y - 2 scrolls of blinking
 I - 2 scrolls of amnesia
 J - a scroll of fog
Potions
 f - 2 potions of resistance
 g - 6 potions of curing
 k - a potion of berserk rage {unknown}
 l - 2 potions of might
 r - a potion of attraction {unknown}
 v - a potion of flight
 A - a potion of mutation
 B - a potion of haste


   Skills:
 + Level 5.5 Fighting
 + Level 8.8 Axes
 + Level 2.5 Throwing
 + Level 6.3 Armour
 + Level 4.6 Dodging
 + Level 2.3 Stealth


You had 8 spell levels left.
You didn't know any spells.
Your spell library contained the following spells:

 Spells                   Type           Power      Damage    Failure   Level
 Scorch                   Fire           0%         2d5       100%        2
 Ozocubu's Armour         Ice            0%         N/A       100%        3
 Flame Wave               Conj/Fire      0%         2d4       100%        4
 Manifold Assault         Tloc           0%         N/A       100%        4
 Dispersal                Tloc           0%         N/A       100%        6
 Summon Cactus Giant      Summ           0%         N/A       100%        6
 Ozocubu's Refrigeration  Ice            0%         4d7       100%        7
 Disjunction              Tloc           0%         N/A       100%        8


Dungeon Overview and Level Annotations

Branches:
Dungeon (9/15)             Temple (1/1) D:6
   Lair: D:8-11         Orc: D:9-12

Altars:
Ashenzari
Cheibriados
Dithmenos
Fedhas
Gozag
Hepliaklqana
Makhleb
Okawaru
Sif Muna
Trog
Uskayaw
Vehumet
Wu Jian
Xom
Yredelemnul

Shops:
D:4 [


Innate Abilities, Weirdness & Mutations

You may rarely emit foul miasma when damaged in melee.
Your touch may inflict minor irresistible damage on your foes.
You have hoof-like feet.


Message History

A five-headed hydra comes into view.
The five-headed hydra roars!
A cyclops comes into view.
The cyclops shouts!
The five-headed hydra bites you! The five-headed hydra bites you.
The five-headed hydra barely misses you.
The five-headed hydra bites you but does no damage.
The five-headed hydra bites you!
The five-headed hydra attacks as you move away!
The five-headed hydra bites you but does no damage.
The five-headed hydra bites you!
The five-headed hydra bites you but does no damage.
The five-headed hydra bites you!
* * * LOW HITPOINT WARNING * * *
The five-headed hydra bites you!
* * * LOW HITPOINT WARNING * * *
Blink to where?
Press: ? - help, Dir - move target
As you read the scroll of blinking, it crumbles to dust.
As you read the scroll of teleportation, it crumbles to dust.
You feel strangely unstable.
Your surroundings suddenly seem different.
A shadow comes into view.
You hear a bellow!
You hear a bellow! x3; You hear a shout!
The shadow slips into darkness.
The shadow flickers and vanishes!
Deactivating autopickup; reactivate with Ctrl-A.
A centaur comes into view.
A wraith and 5 yaks come into view.
The yak bellows! x3
A nearby plant withers and dies.
The centaur wields a +0 shortbow.
The centaur shoots an arrow.
The arrow hits you!
* * * LOW HITPOINT WARNING * * *
The yak moves out of view.
Unknown command.
You are confused.
You feel invigorated.
The centaur shoots an arrow.
The arrow closely misses you. The yak gores you!
You die...

...
#..........
...#..#.......
#.#..#......#
#.........#
#.......#
#.....##
#....#.######
#...........#
#####@#####.
#..WYY♣
#....♣c #♣Y..
Y. #..Y. .♣P
...... ....
#.#♣.♣. .. ♣#
#.# ♣P.. ...
#.#


You could see 5 yaks, a wraith and a centaur.

Vanquished Creatures
  A slime creature (D:7)
  A vampire (D:7)
  Sigmund (D:2)
  A steam dragon (D:8)
  A water moccasin (D:7)
  Pargi (D:4)
  A sky beast (D:7)
  An orc warrior (D:6)
  2 ice beasts
  A black bear (D:5)
  2 ogres
  A phantom (D:6)
  A kobold brigand (D:6)
  2 bullfrogs
  A scorpion (D:5)
  3 necrophages
  9 killer bees (D:7)
  A howler monkey (D:7)
  2 orc priests
  3 hounds (D:5)
  9 jellies
  8 iguanas
  An orc wizard (D:4)
  4 gnolls
  5 adders
  6 white imps
  2 worms
  29 orcs
  3 ball pythons
  19 endoplasms
  3 giant cockroaches
  2 goblins
  3 hobgoblins
  7 jackals
  9 kobolds
  A quokka (D:2)
  3 bats
  3 frilled lizards
  5 rats
158 creatures vanquished.

Vanquished Creatures (others)
  4 fungi (D:7)
  12 plants (D:9)
16 creatures vanquished.

Grand Total: 174 creatures vanquished

Notes
Turn   | Place    | Note
-------+----------+-------------------------------------------
     0 | D:1      | jlumianski the Demonspawn Gladiator began the quest for the
                  | Orb.
     0 | D:1      | Reached XP level 1. HP: 16/16 MP: 1/1
   103 | D:1      | Reached skill level 3 in Axes
   104 | D:1      | Gained mutation: You may rarely emit foul miasma when
                  | damaged in melee. [demonic ancestry]
   104 | D:1      | Reached XP level 2. HP: 19/22 MP: 2/2
   782 | D:2      | Noticed Sigmund
   790 | D:2      | Killed Sigmund
   791 | D:2      | Reached skill level 4 in Axes
   791 | D:2      | Reached skill level 1 in Armour
   791 | D:2      | Reached XP level 3. HP: 21/28 MP: 3/3
   791 | D:2      | Gained mutation: Your touch may inflict minor irresistible
                  | damage on your foes. [demonic ancestry]
   791 | D:2      | Reached XP level 4. HP: 26/34 MP: 4/4
   791 | D:2      | Reached XP level 5. HP: 29/39 MP: 5/5
  1282 | D:3      | Identified the +3 flail of the Dull God {freeze, rF++}
  1701 | D:4      | Found a shimmering altar of Xom.
  1854 | D:3      | Reached XP level 6. HP: 20/46 MP: 6/6
  1973 | D:3      | Found a shimmering blue altar of Sif Muna.
  2314 | D:3      | Reached skill level 5 in Axes
  2493 | D:3      | Found a burning altar of Makhleb.
  2762 | D:4      | Found Kuuwkar's Armour Emporium.
  2822 | D:5      | Entered Level 5 of the Dungeon
  2839 | D:4      | Reached skill level 1 in Stealth
  2860 | D:5      | Reached XP level 7. HP: 45/52 MP: 7/7
  2906 | D:4      | Noticed Pargi
  2915 | D:4      | Killed Pargi
  3347 | D:5      | Found a snail-covered altar of Cheibriados.
  3483 | D:4      | Reached skill level 6 in Axes
  3975 | D:5      | Found an iron altar of Okawaru.
  4230 | D:5      | Gained mutation: You have large cloven feet. [potion of
                  | mutation]
  4230 | D:5      | Gained mutation: You have hoof-like feet. [potion of
                  | mutation]
  4267 | D:5      | Reached XP level 8. HP: 60/60 MP: 8/8
  4525 | D:6      | Reached skill level 7 in Axes
  4687 | D:6      | Found a staircase to the Ecumenical Temple.
  5285 | Temple   | Entered the Ecumenical Temple
  5527 | D:7      | Reached XP level 9. HP: 13/66 MP: 9/9
  5528 | D:7      | Reached skill level 5 in Armour
  5536 | D:7      | Reached skill level 8 in Axes
  6181 | D:7      | Reached skill level 5 in Fighting
  6923 | D:9      | Noticed a five-headed hydra
  6924 | D:9      | Noticed a cyclops
  6941 | D:9      | Slain by a yak

Illustrated notes

Levels and vault maps discovered:
D:1:      spicycebolla_arrival_ecumenical, layout_loops_ring
D:2:      layout_rooms, kennysheep_big_empty_room, uniq_sigmund
D:3:      layout_loops_ring, amcnicky_altar_gilded, lightli_temple_of_fire
D:4:      layout_cave_pools, lemuel_tele_altar, serial_shops, shop, uniq_pargi
D:5:      layout_cave_pools, mainiacjoe_overflow_tiny_flanked,
          cheibriados_altar_1, minmay_circle_x
D:6:      layout_layer_cave, minmay_temple_entry_from_below_b,
          nicolae_lava_and_water, grunt_ministairs_5,
          hangedman_abyss_or_decor_lesser_grid
D:7:      lemuel_slime, layout_basic, nicolae_overflow_crystal_walls
D:8:      layout_loops_corners, lemuel_coloured_pillars_altar, minitemple,
          lemuel_zombie_altar_kikubaaqudgha, minmay_pinched_square, uniq_psyche
D:9:      minmay_the_grid_net [minmay_the_grid_expand, minmay_the_grid_armoury,
          minmay_the_grid_aliased_spiral, minmay_the_grid_garden,
          minmay_the_grid_odd_star, minmay_the_grid_prize_diamond_cup],
          layout_cave_pools, orc_0_dummy
Temple:   nicolae_temple_bog_church

Skill      XL: |  1  2  3  4  5  6  7  8  9 |
---------------+----------------------------+-----
Axes           | 3 4 5 6 7 8 |  8.8
Dodging        | 3 4 |  4.6
Armour         | 1 2 3 4 6 |  6.3
Fighting       | 3 4 5 |  5.5
Stealth        | 1 2 |  2.3
Throwing       | 2 |  2.5

Action                   |  1- 3 |  4- 6 |  7- 9 || total
-------------------------+-------+-------+-------++-------
Melee: War axe           |    44 |   102 |   239 ||   385
       Touch             |       |    13 |    49 ||    62
       Punch             |       |     1 |     2 ||     3
       Kick              |       |       |    13 ||    13
Throw: Throwing net      |     1 |       |       ||     1
       Javelin           |       |     1 |       ||     1
       Dart              |       |     1 |    15 ||    16
  Use: Scroll            |     7 |     1 |     9 ||    17
       Potion            |       |       |     7 ||     7
 Stab: Distracted        |       |       |     2 ||     2
Armor: Leather armour    |    18 |    27 |    19 ||    64
       Scale mail        |       |       |    27 ||    27
       Plate armour      |       |       |   103 ||   103
Dodge: Dodged            |    36 |    59 |   108 ||   203

Table legend: (Time is in decaauts)
 A = Elapsed time spent in this place.
 B = Non-inter-level travel time spent in this place.
 C = Inter-level travel time spent in this place.
 D = Time resting spent in this place.
 E = Time spent auto-exploring this place.
 F = Levels seen in this place.
 G = Mean time per level.
                   A        B        C        D        E       F      G
               +--------+--------+--------+--------+--------+-----+--------+
         Total |   7055 |   6935 |    120 |   1338 |   2691 |  10 |  705.5 |
       Dungeon |   6858 |   6738 |    120 |   1338 |   2691 |   9 |  762.0 |
        Temple |    197 |    197 |      0 |      0 |      0 |   1 |  197.0 |
               +--------+--------+--------+--------+--------+-----+--------+

Top non-repeatable levels by time:
     D:7: 1387 daAuts
     D:2: 1111 daAuts
     D:3: 1047 daAuts
     D:4: 945 daAuts
     D:5: 846 daAuts
     D:6: 705 daAuts
     D:1: 548 daAuts
  Temple: 197 daAuts
     D:8: 189 daAuts
     D:9: 75 daAuts
